 Dungeon Crawl Stone Soup version 0.30-a0-55-g90e3122c3a (webtiles) character file.

Game seed: 4908751306548056392

1710 Newt the Poker (level 8, -3/60 HPs)
             Began as a Demonspawn Gladiator on Sept 9, 2022.
             Was a Follower of Qazlal.
             Slain by an orc warrior
             ... wielding a +0 halberd
              (10 damage)
             ... on level 6 of the Dungeon.
             The game lasted 00:08:11 (6717 turns).

Newt the Poker (Demonspawn Gladiator)               Turns: 6717, Time: 00:08:13

Health: -3/60      AC: 13    Str: 14    XL:     8   Next: 74%
Magic:  8/8        EV: 10    Int:  6    God:    Qazlal [*.....]
Gold:   327        SH:  1    Dex: 17    Spells: 7/7 levels left

rFire   . . .      SeeInvis .    b - +11 sling of Xipitu {freeze, rN+ rCorr}
rCold   . . .      Faith    +    (no shield)
rNeg    + . .      Spirit   .    y - +5 scale mail "Yriaf" {rPois Slay+3}
rPois   +          Reflect  .    (helmet restricted)
rElec   .          Harm     +    i - scarf {harm}
rCorr   +          Rampage  .    f - +1 pair of gloves of the Saviour {rPois Regen+ Int-4 Slay+5}
Will    .....                    (no boots)
Stlth   +.........               o - amulet of faith
HPRegen 1.00/turn                (no ring)
MPRegen 0.11/turn                (no ring)

@: no status effects
A: antennae 1, demonic magic 2
a: Renounce Religion


You were on level 6 of the Dungeon.
You worshipped Qazlal.
Qazlal was aware of your devotion.
You visited 1 branch of the dungeon, and saw 6 of its levels.

You collected 327 gold pieces.

Inventory:

Hand Weapons
 a - a +7 scythe of protection
 b - the +11 sling of Xipitu (weapon) {freeze, rN+ rCorr}
   (You found it on level 5 of the Dungeon)

   Any ammunition fired from it freezes those it strikes, dealing additional
   cold damage.
   It can also slow down cold-blooded creatures.
   rN:        It protects you from negative energy.
   rCorr:     It protects you from acid and corrosion.
 k - a +0 rapier
 s - a +1 short sword of venom
 A - a +0 glaive
Missiles
 d - 3 throwing nets
 q - 30 stones
 r - 3 javelins
 u - 6 poisoned darts
Armour
 c - a +0 helmet
 f - the +1 pair of gloves of the Saviour (worn) {rPois Regen+ Int-4 Slay+5}
   (You acquired it on level 4 of the Dungeon)

   Int:       It affects your intelligence (-4).
   Slay:      It affects your accuracy & damage with ranged weapons and melee
   (+5).
   rPois:     It protects you from poison.
   Regen:     It increases your rate of health regeneration.
 i - a scarf of harm (worn)
 y - the +5 scale mail "Yriaf" (worn) {rPois Slay+3}
   (You found it on level 5 of the Dungeon)

   Slay:      It affects your accuracy & damage with ranged weapons and melee
   (+3).
   rPois:     It protects you from poison.
 C - a +1 leather armour
Jewellery
 o - an amulet of faith (around neck)
 t - a ring of magical power
Scrolls
 e - a scroll of vulnerability
 g - a scroll of identify
 j - 3 scrolls of enchant armour
 m - a scroll of teleportation
 n - a scroll of fear {unknown}
 v - a scroll of poison {unknown}
 x - 2 scrolls of noise {unknown}
 z - 2 scrolls of blinking {unknown}
 E - a scroll of immolation {unknown}
Potions
 h - a potion of curing
 l - 2 potions of flight
 p - a potion of lignification
 w - a potion of might
 B - a potion of ambrosia {unknown}
 D - a potion of degeneration {unknown}


   Skills:
 - Level 4.0 Fighting
 - Level 2.6 Short Blades
 - Level 7.2 Polearms
 + Level 4.3 Ranged Weapons
 - Level 3.0 Throwing
 - Level 4.0 Dodging
 - Level 2.0 Stealth


You had 7 spell levels left.
You didn't know any spells.
Your spell library contained the following spells:

 Spells                   Type           Power      Damage    Failure   Level
 Confusing Touch          Hex            0%         N/A       100%        3
 Conjure Flame            Conj/Fire      0%         6-21      100%        3
 Ignite Poison            Fire/Tmut/Pois 0%         N/A       100%        3
 Stone Arrow              Conj/Erth      0%         3d7       100%        3
 Animate Armour           Summ/Erth      0%         N/A       100%        4
 Sticky Flame             Conj/Fire      0%         2d3       100%        4
 Yara's Violent Unravell  Hex/Tmut       0%         3d3       100%        5
 Enfeeble                 Hex            0%         N/A       100%        7
 Lehudib's Crystal Spear  Conj/Erth      0%         10d2      100%        8


Dungeon Overview and Level Annotations

Branches:
Dungeon (6/15)
 Temple: D:4-7

Altars:
Qazlal
Ru
Sif Muna

Shops:
D:2 (   D:5 [


Innate Abilities, Weirdness & Mutations

You have a pair of small antennae on your head.
Spells you cast may paralyse nearby enemies.


Message History

You shoot a sling bullet. The sling bullet hits the orc.
The sling bullet freezes the orc.
The orc is heavily wounded.
The orc closely misses you.
The orc wizard gestures wildly while chanting.
The orc wizard flickers and vanishes!
Deactivating autopickup; reactivate with Ctrl-A.
The orc warrior hits you from afar with a +0 halberd!
The orc hits you but does no damage.
An orc comes into view. It is wielding a +0 dagger.
The orc warrior closely misses you.
You shoot a sling bullet. The sling bullet hits the orc!!
The sling bullet freezes the orc.
You kill the orc!
Qazlal accepts your kill. The orc warrior closely misses you.
You shoot a sling bullet. The sling bullet hits the orc warrior.
The sling bullet freezes the orc warrior.
The orc warrior is almost dead.
Something hits you but does no damage.
The orc warrior hits you from afar with a +0 halberd!
An orc comes into view. It is wielding a +0 flail.
An orc priest comes into view. It is wielding a +0 mace.
Something hits you. The orc warrior barely misses you.
You are too injured to fight recklessly!
Something hits you but does no damage.
The orc warrior hits you from afar with a +0 halberd!
* * * LOW HITPOINT WARNING * * *
Unknown command.
You feel better. Something hits you.
* * * LOW HITPOINT WARNING * * *
The orc warrior hits you from afar with a +0 halberd!
* * * LOW HITPOINT WARNING * * *
Unknown command.
You feel better.
The orc priest miscasts a cantrip.
An orc priest comes into view. It is wielding a +0 flail.
Something hits you but does no damage.
The orc warrior hits you from afar with a +0 halberd!
You die...

# ..# ##### ....
####<).### .....
#....[.).#
#.....#.@#####)#
.......☼{# .)
........oo# #
........oo...
#.........o..#
##..........##
##..(....###
#..#...##
#..##.##


You could see an orc warrior, 2 orc priests and 2 orcs.

Vanquished Creatures
  Sigmund (D:2)
  Eustachio (D:5)
  A black bear (D:5)
  2 ogres (D:5)
  A centaur (D:5)
  A phantom (D:5)
  Blork the orc (D:4)
  2 necrophages
  3 scorpions
  2 howler monkeys
  A hound (D:6)
  2 jellies
  2 orc priests
  5 iguanas
  5 orc wizards
  3 gnolls (D:2)
  3 adders
  A shadow imp (D:5)
  3 worms
  2 dart slugs
  17 orcs
  4 ball pythons
  4 endoplasms
  5 giant cockroaches
  3 goblins
  3 hobgoblins
  4 jackals (D:5)
  4 quokkas
  6 bats
  A frilled lizard (D:3)
  4 kobolds
  6 rats
103 creatures vanquished.

Notes
Turn   | Place    | Note
-------+----------+-------------------------------------------
     0 | D:1      | Newt the Demonspawn Gladiator began the quest for the Orb.
     0 | D:1      | Reached XP level 1. HP: 16/16 MP: 1/1
    97 | D:1      | Reached skill level 1 in Stealth
   442 | D:1      | Gained mutation: You have a pair of small antennae on your
                  | head. [demonic ancestry]
   442 | D:1      | Reached XP level 2. HP: 22/22 MP: 2/2
  1671 | D:2      | Reached XP level 3. HP: 9/28 MP: 3/3
  2503 | D:2      | Found a faded altar of an unknown god.
  2718 | D:2      | Found Vileiq's Antique Weapon Shop.
  2750 | D:2      | Noticed Sigmund
  2765 | D:2      | Killed Sigmund
  2766 | D:2      | Reached XP level 4. HP: 11/37 MP: 4/4
  2766 | D:2      | Reached XP level 5. HP: 12/42 MP: 5/5
  4071 | D:3      | Reached skill level 1 in Polearms
  4071 | D:3      | Reached XP level 6. HP: 17/48 MP: 6/6
  4657 | D:4      | Reached skill level 2 in Polearms
  4879 | D:4      | Reached skill level 3 in Polearms
  5058 | D:4      | Gained mutation: Spells you cast may paralyse adjacent
                  | enemies. [demonic ancestry]
  5058 | D:4      | Reached XP level 7. HP: 50/54 MP: 7/7
  5130 | D:4      | Reached skill level 4 in Polearms
  5413 | D:4      | Noticed Blork the orc
  5423 | D:4      | Killed Blork the orc
  5439 | D:4      | Identified a scroll of acquirement
  5440 | D:4      | Acquired the +1 pair of gloves of the Saviour {rPois Regen+
                  | Int-4 Slay+5}
  5621 | D:4      | Reached skill level 5 in Polearms
  5707 | D:4      | Found a stormy altar of Qazlal.
  5707 | D:4      | Found a shimmering blue altar of Sif Muna.
  5717 | D:4      | Found a sacrificial altar of Ru.
  5719 | D:4      | Found a faded altar of an unknown god.
  5948 | D:5      | Entered Level 5 of the Dungeon
  6039 | D:4      | Became a worshipper of Qazlal Stormbringer
  6087 | D:5      | Noticed Eustachio
  6091 | D:5      | Killed Eustachio
  6092 | D:5      | Reached skill level 6 in Polearms
  6092 | D:5      | Gained mutation: Spells you cast may paralyse nearby
                  | enemies. [demonic ancestry]
  6092 | D:5      | Reached XP level 8. HP: 50/60 MP: 8/8
  6176 | D:5      | Identified the +5 scale mail "Yriaf" {rPois Slay+3}
  6240 | D:5      | Reached skill level 7 in Polearms
  6376 | D:5      | Identified the +11 sling of Xipitu {freeze, rN+ rCorr}
  6438 | D:5      | Reached skill level 1 in Ranged Weapons
  6545 | D:5      | Reached * piety under Qazlal
  6643 | D:5      | Identified the +4 war axe "Gocivoenugg" {protect, *Noise
                  | rC++ Will+ Dex+3}
  6671 | D:5      | Found Ryepeyse's Antique Armour Shop.
  6716 | D:6      | HP: 1/60 [orc warrior/+0 halberd (12)]
  6717 | D:6      | Slain by an orc warrior

Illustrated notes

Levels and vault maps discovered:
D:1:      sevenhm_arrival_forest_fort_small_4, layout_basic
D:2:      layout_basic, ebering_ecumenical_altar_rust, serial_shops,
          nicolae_shop_trees, minmay_between, uniq_sigmund
D:3:      layout_basic
D:4:      layout_basic, chequers_temple_overflow_minitemple, uniq_blork_the_orc
D:5:      layout_loops_ring, serial_shops, shop_statue, uniq_eustachio
D:6:      layout_loops_ring, minmay_temple_entry_sparse_star, serial_shops, shop

Skill      XL: |  1  2  3  4  5  6  7  8 |
---------------+-------------------------+-----
Stealth        | 1 2 |  2.0
Fighting       | 4 |  4.0
Dodging        | 4 |  4.0
Throwing       | 2 3 |  3.0
Polearms       | 1 3 6 7 |  7.2
Ranged Weapons | 4 |  4.3
Short Blades   | |  2.6

Action                   |  1- 3 |  4- 6 |  7- 9 || total
-------------------------+-------+-------+-------++-------
Melee: Rapier            |    78 |       |       ||    78
       Punch             |     1 |       |       ||     1
       Short sword       |     9 |       |       ||     9
       Halberd           |       |    80 |    54 ||   134
 Fire: Sling             |       |       |    35 ||    35
Throw: Dart              |    10 |       |       ||    10
       Throwing net      |     2 |       |       ||     2
       Javelin           |     1 |       |       ||     1
       Stone             |       |     2 |       ||     2
  Use: Scroll            |       |     4 |     8 ||    12
       Potion            |       |       |     4 ||     4
 Stab: Held in net/web   |     1 |       |       ||     1
       Sleeping          |     4 |     4 |     5 ||    13
       Distracted        |       |     2 |       ||     2
Armor: Leather armour    |    19 |    24 |    14 ||    57
       Scale mail        |       |       |     9 ||     9
Dodge: Dodged            |    51 |    32 |    21 ||   104

Table legend: (Time is in decaauts)
 A = Elapsed time spent in this place.
 B = Non-inter-level travel time spent in this place.
 C = Inter-level travel time spent in this place.
 D = Time resting spent in this place.
 E = Time spent auto-exploring this place.
 F = Levels seen in this place.
 G = Mean time per level.
                   A        B        C        D        E       F      G
               +--------+--------+--------+--------+--------+-----+--------+
         Total |   6796 |   6614 |    182 |   2167 |   3598 |   6 | 1132.7 |
       Dungeon |   6796 |   6614 |    182 |   2167 |   3598 |   6 | 1132.7 |
               +--------+--------+--------+--------+--------+-----+--------+

Top non-repeatable levels by time:
     D:2: 2089 daAuts
     D:4: 1446 daAuts
     D:1: 1341 daAuts
     D:3: 1235 daAuts
     D:5: 652 daAuts
     D:6: 32 daAuts
